General information
			
			
        
        - name: BNet
 
        - type: Ladder team game (AT/RT)
 
        - host: Battle.net
 
        - saver: BEAR_AND
 
        
map: SilverpineForest 
        - players: 6
 
        - length: 43:07
 
        - speed: Fast
 - version: 1.22 W3XP
 - replay type:  

 
» download(228 KB)
Players
        team 1 (loser) 
              
              
Shi4VoD (
orange | 45 APM | 1952 actions | 43:05)
              
 1 Demon Hunter 
 1 Immolation
 
                » actions 
                
                | Assign group hotkey | 17 |  | 
| Basic commands | 46 |  | 
| Build / train | 73 |  | 
| ESC pressed | 2 |  | 
| Enter build submenu | 21 |  | 
| Enter hero's abilities submenu | 1 |  | 
| Right click | 873 |  | 
| Select / deselect | 317 |  | 
| Select group hotkey | 575 |  | 
| Use ability | 27 |  | 
                1952 total
 » units 
                
                | Wisp | 23 |  | 
| Huntress | 7 |  | 
| Hippogryph | 15 |  | 
| Chimaera | 3 |  | 
| Frost Wyrm | 12 |  | 
                60 total
 » upgrades
                
                | Strength of the Moon | 1 |  | 
| Moon Armor | 1 |  | 
| Reinforced Hides | 1 |  | 
| Strength of the Wild | 2 |  | 
| Corrosive Breath | 1 |  | 
| Druid of the Talon Training | 1 |  | 
                7 total
 » buildings
                
                | Altar of Elders | 1 |  | 
| Moon Well | 11 |  | 
| Hunter's Hall | 1 |  | 
| Ancient of War | 2 |  | 
| Tree of Ages | 1 |  | 
| Ancient of Wind | 2 |  | 
| Ancient Protector | 1 |  | 
| Tree of Eternity | 1 |  | 
| Chimaera Roost | 2 |  | 
                22 total
 » build order
                00:02 Altar of Elders
00:19 Moon Well
01:55 Hunter's Hall
02:01 Ancient of War
02:06 Ancient of War
02:38 Moon Well
03:50 Moon Well
03:53 Moon Well
04:33 Moon Well
06:02 Moon Well
08:24 Tree of Ages
08:25 Moon Well
12:05 Ancient of Wind
12:37 Ancient of Wind
12:46 Moon Well
13:13 Ancient Protector
13:21 Moon Well
13:56 Moon Well
15:48 Moon Well
22:37 Tree of Eternity
25:14 Chimaera Roost
25:17 Chimaera Roost
 
               
              
              
shizer (
yellow | 42 APM | 1201 actions | 28:49)
              
 3 Death Knight 
 2 Death Coil
 1 Unholy Aura
 2 Crypt Lord 
 1 Impale
 1 Spiked Carapace
 
                » actions 
                
                | Assign group hotkey | 13 |  | 
| Basic commands | 116 |  | 
| Build / train | 61 |  | 
| Enter build submenu | 25 |  | 
| Enter hero's abilities submenu | 5 |  | 
| Give item / drop item | 2 |  | 
| Remove unit from queue | 4 |  | 
| Right click | 479 |  | 
| Select / deselect | 291 |  | 
| Select group hotkey | 156 |  | 
| Use ability | 49 |  | 
                1201 total
 » units 
                
                | Acolyte | 13 |  | 
| Ghoul | 4 |  | 
| Crypt Fiend | 6 |  | 
| Abomination | 1 |  | 
| Obsidian Statue | 2 |  | 
| Frost Wyrm | 6 |  | 
                32 total
 » upgrades
                
                | Unholy Armor | 1 |  | 
| Web | 1 |  | 
| Unholy Strength | 1 |  | 
| Disease Cloud | 1 |  | 
| Freezing Breath | 1 |  | 
| Creature Attack | 3 |  | 
| Creature Carapace | 2 |  | 
                10 total
 » buildings
                
                | Altar of Darkness | 1 |  | 
| Ziggurat | 10 |  | 
| Crypt | 1 |  | 
| Tomb of Relics | 1 |  | 
| Graveyard | 1 |  | 
| Halls of the Dead | 1 |  | 
| Nerubian Tower | 1 |  | 
| Black Citadel | 1 |  | 
| Slaughterhouse | 2 |  | 
| Sacrificial Pit | 1 |  | 
| Boneyard | 2 |  | 
| Spirit Tower | 3 |  | 
                25 total
 » build order
                00:04 Altar of Darkness
00:07 Ziggurat
00:29 Crypt
00:56 Tomb of Relics
01:58 Graveyard
03:09 Ziggurat
03:31 Ziggurat
04:06 Halls of the Dead
04:08 Nerubian Tower
05:13 Ziggurat
06:08 Ziggurat
06:51 Black Citadel
07:09 Slaughterhouse
07:40 Slaughterhouse
08:09 Ziggurat
11:47 Sacrificial Pit
12:42 Boneyard
13:02 Boneyard
14:18 Spirit Tower
16:55 Ziggurat
17:03 Ziggurat
17:05 Ziggurat
17:15 Ziggurat
20:11 Spirit Tower
26:03 Spirit Tower
» items
                
                | Rod of Necromancy | 1 |  | 
| Crystal Ball | 1 |  | 
                2 total
  
               
              
              
UbLeK (
green | 76 APM | 2204 actions | 28:50)
              
 3 Archmage 
 2 Summon Water Elemental
 1 Brilliance Aura
 2 Demon Hunter 
 2 Mana Burn
 2 Blood Mage 
 1 Flame Strike
 1 Banish
 1 Pit Lord 
 1 Howl of Terror
 
                » actions 
                
                | Assign group hotkey | 33 |  | 
| Basic commands | 231 |  | 
| Build / train | 55 |  | 
| Enter build submenu | 22 |  | 
| Enter hero's abilities submenu | 8 |  | 
| Right click | 627 |  | 
| Select / deselect | 322 |  | 
| Select group hotkey | 851 |  | 
| Use ability | 53 |  | 
                2204 total
 » units 
                
                | Peasant | 15 |  | 
| Footman | 4 |  | 
| Priest | 6 |  | 
| Sorceress | 2 |  | 
| Siege Engine | 9 |  | 
                36 total
 » upgrades
                
                | Priest Training | 2 |  | 
| Sorceress Training | 2 |  | 
| Barrage | 1 |  | 
                5 total
 » buildings
                
                | Altar of Kings | 1 |  | 
| Barracks | 1 |  | 
| Farm | 12 |  | 
| Scout Tower | 1 |  | 
| Arcane Tower | 1 |  | 
| Keep | 1 |  | 
| Arcane Sanctum | 2 |  | 
| Castle | 1 |  | 
| Blacksmith | 1 |  | 
| Lumber Mill | 1 |  | 
| Workshop | 2 |  | 
| Town Hall | 1 |  | 
                25 total
 » build order
                00:07 Altar of Kings
00:28 Barracks
00:43 Farm
01:16 Farm
02:07 Scout Tower
03:08 Arcane Tower
04:31 Keep
06:53 Arcane Sanctum
07:08 Arcane Sanctum
09:15 Farm
09:17 Farm
09:17 Farm
09:18 Farm
10:14 Castle
12:05 Farm
14:02 Farm
15:39 Blacksmith
15:45 Lumber Mill
17:25 Workshop
17:30 Workshop
17:35 Farm
17:35 Farm
21:59 Farm
22:00 Farm
22:09 Town Hall
 
               team 2 (winner) 
              
              
BEAR_AND (
teal | 85 APM | 3668 actions | 43:07)
              
 4 Archmage 
 2 Blizzard
 2 Brilliance Aura
 5 Mountain King 
 3 Storm Bolt
 2 Bash
 3 Paladin 
 2 Holy Light
 1 Divine Shield
 
                » actions 
                
                | Assign group hotkey | 10 |  | 
| Basic commands | 9 |  | 
| Build / train | 144 |  | 
| Enter build submenu | 71 |  | 
| Enter hero's abilities submenu | 13 |  | 
| Give item / drop item | 15 |  | 
| Right click | 1809 |  | 
| Select / deselect | 487 |  | 
| Select group hotkey | 832 |  | 
| Use ability | 276 |  | 
                3668 total
 » units 
                
                | Peasant | 23 |  | 
| Dragonhawk Rider | 10 |  | 
| Goblin Zeppelin | 1 |  | 
| Gryphon Rider | 1 |  | 
                35 total
 » upgrades
                
                | Masonry | 3 |  | 
| Lumber Harvesting | 2 |  | 
| Magic Sentry | 1 |  | 
| Armor | 5 |  | 
| Swords | 4 |  | 
| Storm Hammers | 1 |  | 
| Animal War Training | 1 |  | 
| Cloud | 1 |  | 
                18 total
 » buildings
                
                | Altar of Kings | 1 |  | 
| Farm | 9 |  | 
| Lumber Mill | 1 |  | 
| Scout Tower | 79 |  | 
| Arcane Tower | 5 |  | 
| Guard Tower | 38 |  | 
| Keep | 2 |  | 
| Arcane Vault | 2 |  | 
| Town Hall | 3 |  | 
| Castle | 2 |  | 
| Arcane Sanctum | 1 |  | 
| Gryphon Aviary | 5 |  | 
| Blacksmith | 2 |  | 
| Barracks | 2 |  | 
                152 total
 » build order
                00:08 Altar of Kings
00:19 Farm
00:50 Farm
00:52 Lumber Mill
01:34 Scout Tower
01:55 Scout Tower
02:02 Arcane Tower
02:02 Arcane Tower
02:02 Arcane Tower
02:27 Scout Tower
02:28 Guard Tower
02:28 Guard Tower
02:32 Scout Tower
02:34 Scout Tower
02:36 Scout Tower
03:16 Guard Tower
03:17 Keep
03:42 Guard Tower
03:44 Keep
04:07 Scout Tower
04:08 Scout Tower
04:38 Guard Tower
05:15 Guard Tower
05:16 Scout Tower
05:19 Scout Tower
05:22 Scout Tower
05:22 Scout Tower
05:29 Scout Tower
05:32 Scout Tower
05:33 Scout Tower
05:34 Scout Tower
06:04 Guard Tower
06:09 Arcane Vault
06:14 Farm
06:35 Guard Tower
07:19 Guard Tower
07:30 Town Hall
07:46 Guard Tower
07:51 Scout Tower
07:53 Scout Tower
08:27 Guard Tower
08:27 Guard Tower
08:29 Scout Tower
08:30 Scout Tower
08:47 Scout Tower
08:48 Scout Tower
08:50 Scout Tower
08:51 Scout Tower
09:40 Guard Tower
09:42 Scout Tower
09:43 Scout Tower
09:45 Scout Tower
09:46 Scout Tower
09:47 Scout Tower
09:51 Guard Tower
10:12 Castle
10:16 Guard Tower
10:17 Guard Tower
10:41 Guard Tower
10:43 Scout Tower
10:44 Scout Tower
11:20 Guard Tower
11:22 Arcane Sanctum
11:40 Guard Tower
11:43 Scout Tower
11:44 Scout Tower
11:46 Scout Tower
11:47 Scout Tower
12:36 Gryphon Aviary
12:38 Gryphon Aviary
12:55 Guard Tower
13:02 Guard Tower
13:11 Town Hall
13:15 Arcane Tower
13:26 Farm
13:30 Farm
14:45 Guard Tower
15:01 Guard Tower
15:05 Farm
15:06 Farm
15:07 Farm
15:11 Blacksmith
15:14 Barracks
15:22 Guard Tower
15:55 Farm
16:54 Arcane Vault
17:08 Guard Tower
18:29 Gryphon Aviary
18:30 Gryphon Aviary
18:32 Blacksmith
18:34 Barracks
18:49 Scout Tower
18:51 Scout Tower
18:51 Scout Tower
18:52 Scout Tower
18:52 Scout Tower
18:52 Scout Tower
18:57 Scout Tower
18:58 Scout Tower
19:00 Scout Tower
19:00 Scout Tower
19:09 Castle
19:41 Scout Tower
19:42 Scout Tower
19:44 Scout Tower
20:18 Gryphon Aviary
20:44 Guard Tower
20:45 Guard Tower
20:49 Guard Tower
20:57 Scout Tower
20:59 Scout Tower
21:00 Scout Tower
22:53 Scout Tower
22:58 Scout Tower
22:59 Scout Tower
23:00 Scout Tower
23:01 Scout Tower
23:02 Scout Tower
23:02 Scout Tower
23:04 Scout Tower
23:05 Scout Tower
23:06 Scout Tower
23:07 Scout Tower
23:08 Scout Tower
23:09 Scout Tower
23:10 Scout Tower
23:11 Scout Tower
23:14 Town Hall
23:16 Scout Tower
23:17 Scout Tower
23:18 Scout Tower
23:19 Scout Tower
23:37 Arcane Tower
23:38 Guard Tower
24:07 Guard Tower
24:31 Guard Tower
25:31 Guard Tower
25:47 Guard Tower
27:48 Guard Tower
29:47 Scout Tower
29:49 Scout Tower
29:50 Scout Tower
29:51 Scout Tower
29:52 Scout Tower
29:53 Scout Tower
29:55 Scout Tower
29:56 Scout Tower
29:57 Scout Tower
33:06 Guard Tower
34:01 Guard Tower
40:42 Guard Tower
» items
                
                | Healing Salve | 2 |  | 
| Lesser Clarity Potion | 2 |  | 
| Boots of Speed | 3 |  | 
| Staff of Teleportation | 3 |  | 
| Scroll of Regeneration | 1 |  | 
| Staff of Sanctuary | 3 |  | 
| Scroll of Town Portal | 1 |  | 
| Helm of Valor | 3 |  | 
| Pendant of Mana | 1 |  | 
| Mechanical Critter | 2 |  | 
| Medallion of Courage | 1 |  | 
| Potion of Lesser Invulnerability | 1 |  | 
| Orb of Lightning | 1 |  | 
                24 total
  
               
              
              
hetchjay (
red | 60 APM | 686 actions | 11:27)
              
 2 Archmage 
 1 Blizzard
 1 Brilliance Aura
 
                » actions 
                
                | Assign group hotkey | 1 |  | 
| Basic commands | 11 |  | 
| Build / train | 34 |  | 
| ESC pressed | 1 |  | 
| Enter build submenu | 42 |  | 
| Enter hero's abilities submenu | 3 |  | 
| Right click | 363 |  | 
| Select / deselect | 137 |  | 
| Select group hotkey | 36 |  | 
| Use ability | 58 |  | 
                686 total
 » units 
                » upgrades
                
                | Masonry | 2 |  | 
| Lumber Harvesting | 1 |  | 
                3 total
 » buildings
                
                | Altar of Kings | 1 |  | 
| Farm | 4 |  | 
| Lumber Mill | 3 |  | 
| Scout Tower | 41 |  | 
| Guard Tower | 14 |  | 
| Arcane Vault | 1 |  | 
| Keep | 1 |  | 
                65 total
 » build order
                00:08 Altar of Kings
00:10 Farm
00:57 Lumber Mill
01:00 Lumber Mill
01:27 Farm
01:33 Farm
02:21 Scout Tower
02:23 Scout Tower
02:27 Scout Tower
02:54 Guard Tower
03:01 Scout Tower
03:15 Guard Tower
03:28 Scout Tower
03:36 Scout Tower
03:38 Scout Tower
04:06 Scout Tower
04:26 Guard Tower
04:29 Scout Tower
04:30 Scout Tower
04:32 Scout Tower
04:33 Scout Tower
04:35 Scout Tower
05:06 Guard Tower
05:07 Guard Tower
05:08 Scout Tower
05:10 Scout Tower
05:11 Scout Tower
05:13 Scout Tower
05:24 Arcane Vault
05:33 Scout Tower
05:33 Scout Tower
05:35 Scout Tower
05:42 Guard Tower
06:07 Scout Tower
06:09 Scout Tower
06:10 Guard Tower
06:15 Guard Tower
06:18 Lumber Mill
06:48 Guard Tower
06:49 Scout Tower
07:21 Guard Tower
07:47 Scout Tower
07:53 Keep
08:33 Guard Tower
09:51 Scout Tower
09:53 Scout Tower
09:54 Scout Tower
09:55 Scout Tower
10:20 Farm
10:37 Scout Tower
10:37 Scout Tower
10:39 Scout Tower
10:44 Guard Tower
10:47 Scout Tower
10:48 Scout Tower
10:48 Scout Tower
10:49 Scout Tower
10:54 Scout Tower
10:55 Scout Tower
11:14 Guard Tower
11:17 Scout Tower
11:18 Scout Tower
11:19 Scout Tower
11:20 Scout Tower
» items
                 
               
              
              
HockeyMomPalin (
pink | 97 APM | 4201 actions | 43:06)
              
 6 Blademaster 
 3 Wind Walk
 2 Critical Strike
 1 Bladestorm
 5 Tauren Chieftain 
 3 Shockwave
 2 Endurance Aura
 5 Pandaren Brewmaster 
 3 Breath of Fire
 1 Drunken Haze
 1 Drunken Brawler
 
                » actions 
                
                | Assign group hotkey | 130 |  | 
| Basic commands | 71 |  | 
| Build / train | 122 |  | 
| ESC pressed | 4 |  | 
| Enter build submenu | 80 |  | 
| Enter hero's abilities submenu | 16 |  | 
| Give item / drop item | 26 |  | 
| Remove unit from queue | 2 |  | 
| Right click | 1645 |  | 
| Select / deselect | 345 |  | 
| Select group hotkey | 1471 |  | 
| Use ability | 289 |  | 
                4201 total
 » units 
                
                | Peon | 22 |  | 
| Troll Batrider | 9 |  | 
| Priest | 2 |  | 
| Sorceress | 2 |  | 
| Kodo Beast | 2 |  | 
| Raider | 1 |  | 
                38 total
 » upgrades
                
                | Liquid Fire | 1 |  | 
| Reinforced Defenses | 1 |  | 
| Spiked Barricades | 2 |  | 
| Ranged Weapons | 3 |  | 
| Armor | 3 |  | 
| Magic Sentry | 1 |  | 
| Sorceress Training | 2 |  | 
| Priest Training | 2 |  | 
| Masonry | 1 |  | 
| Envenomed Spears | 1 |  | 
| War Drums Damage Increase | 1 |  | 
| Ensnare | 1 |  | 
                19 total
 » buildings
                
                | Altar of Storms | 1 |  | 
| Orc Burrow | 3 |  | 
| War Mill | 1 |  | 
| Voodoo Lounge | 2 |  | 
| Watch Tower | 63 |  | 
| Stronghold | 3 |  | 
| Fortress | 2 |  | 
| Beastiary | 2 |  | 
| Great Hall | 2 |  | 
| Arcane Sanctum | 1 |  | 
                80 total
 » build order
                00:07 Altar of Storms
00:22 Orc Burrow
00:52 War Mill
01:29 Orc Burrow
02:02 Voodoo Lounge
02:05 Voodoo Lounge
02:22 Watch Tower
02:29 Watch Tower
03:46 Watch Tower
03:47 Watch Tower
04:21 Stronghold
04:21 Stronghold
04:59 Watch Tower
05:03 Watch Tower
05:17 Watch Tower
06:03 Watch Tower
07:06 Fortress
07:06 Fortress
07:15 Watch Tower
07:17 Watch Tower
07:24 Beastiary
08:28 Orc Burrow
08:35 Watch Tower
08:36 Watch Tower
09:06 Beastiary
09:44 Great Hall
09:45 Watch Tower
09:46 Watch Tower
10:03 Great Hall
10:07 Watch Tower
10:56 Watch Tower
10:56 Watch Tower
11:33 Watch Tower
12:19 Watch Tower
12:20 Watch Tower
13:26 Watch Tower
13:27 Watch Tower
14:19 Watch Tower
14:20 Watch Tower
14:56 Watch Tower
14:58 Watch Tower
15:35 Watch Tower
15:36 Watch Tower
16:06 Watch Tower
16:08 Watch Tower
16:31 Watch Tower
16:32 Watch Tower
16:39 Watch Tower
16:40 Watch Tower
17:16 Watch Tower
17:17 Watch Tower
17:18 Watch Tower
17:18 Watch Tower
18:25 Watch Tower
18:26 Watch Tower
18:52 Watch Tower
18:53 Watch Tower
19:33 Watch Tower
19:33 Watch Tower
19:34 Watch Tower
19:34 Watch Tower
19:44 Arcane Sanctum
21:46 Watch Tower
21:47 Watch Tower
22:41 Watch Tower
22:49 Watch Tower
24:31 Watch Tower
26:13 Watch Tower
28:47 Watch Tower
30:46 Watch Tower
32:44 Watch Tower
32:44 Watch Tower
36:09 Watch Tower
37:45 Watch Tower
39:39 Watch Tower
41:33 Watch Tower
42:42 Watch Tower
42:51 Watch Tower
43:02 Watch Tower
» items
                
                | Boots of Speed | 3 |  | 
| Staff of Teleportation | 3 |  | 
| Lesser Clarity Potion | 11 |  | 
| Healing Salve | 6 |  | 
| Orb of Lightning | 3 |  | 
| Cloak of Flames | 2 |  | 
| Talisman of Evasion | 1 |  | 
| Scroll of Speed | 1 |  | 
| Khadgar's Pipe of Insight | 1 |  | 
| Staff of Sanctuary | 2 |  | 
| Potion of Mana | 1 |  | 
| Khadgar's Gem of Health | 3 |  | 
| Scroll of Regeneration | 1 |  | 
                38 total
  
                Chat log
          (00:02 / All) BEAR_AND: :))
(00:05 / All) HockeyMomPalin: HellO
(00:08 / All) UbLeK: HI!
(00:12 / All) HockeyMomPalin: vote McCain Palin
(00:16 / All) HockeyMomPalin: for a better america
(00:23 / All) UbLeK: yeah
(00:25 / All) UbLeK: right
(00:31 / All) UbLeK: I agree
(00:34 / All) UbLeK: 4 more years
(00:36 / All) UbLeK: !!!
(00:43 / All) HockeyMomPalin: 8 if we r lucky.
(00:49 / All) UbLeK: yeah I love bush
(00:56 / All) UbLeK: mccain will be better than bush
(01:01 / All) BEAR_AND: u guys
(01:02 / All) BEAR_AND: FROM?
(01:05 / All) BEAR_AND: fill out the From Form
(01:10 / Allies) BEAR_AND: am
(01:13 / All) HockeyMomPalin: best country on this god given planet...
(01:20 / All) HockeyMomPalin: AMERICA
(01:31 / All) hetchjay: jessuss
(01:41 / All) HockeyMomPalin: where u guys from?
(01:44 / All) UbLeK: chi town
(01:44 / All) BEAR_AND: i said
(01:45 / All) HockeyMomPalin: a s l
(01:46 / All) BEAR_AND: from Form
(01:57 / All) UbLeK: 89 f rhode island
(02:38 / All) HockeyMomPalin: alright gl hf Let the games COmmence
(03:11 / All) HockeyMomPalin: I HELP U OK??
(03:12 / All) HockeyMomPalin: 1
(03:21 / Allies) hetchjay: i wodner if ventrilo is somehow lagging me
(03:52 / All) UbLeK: gg
(03:54 / All) UbLeK: lol
(03:54 / Allies) HockeyMomPalin: fight
(04:33 / All) HockeyMomPalin: 2 slow JOE
(04:40 / All) UbLeK: 350 g's gone
(04:42 / All) UbLeK: your poor
(04:49 / Allies) hetchjay: i'm going to close ventrilo real qiuck to see if that's what is sucking so badly
(04:49 / All) HockeyMomPalin: yeah i sold it for a boot
(04:53 / Allies) HockeyMomPalin: ?:)
(04:55 / All) HockeyMomPalin: ?:)
(04:58 / All) BEAR_AND: you all are noobs, that's a given
(05:02 / All) BEAR_AND: but in what town are you noobs liven?
(05:09 / All) UbLeK: oak park
(05:12 / All) BEAR_AND: where that
(05:12 / All) UbLeK: you fags?
(05:22 / All) UbLeK: you boys queer?
(05:26 / All) UbLeK: you boys packing?
(05:27 / Allies) hetchjay: wasnt it 
(05:29 / Allies) hetchjay: hoppin back on
(05:33 / All) UbLeK: idk
(05:38 / All) HockeyMomPalin: i confuese
(05:40 / All) UbLeK: any1 who honestly beleives palin is qualified
(05:49 / All) HockeyMomPalin: ...
(05:53 / All) HockeyMomPalin: ur probobly a sexist pig
(05:55 / All) UbLeK: just saying
(05:58 / All) UbLeK: me seixist?
(05:59 / All) HockeyMomPalin: just saying
(06:01 / All) UbLeK: lol
(06:05 / All) UbLeK: pls and all your repubs
(06:07 / All) UbLeK: with hillary
(06:11 / All) UbLeK: were sexist as hell
(06:19 / All) HockeyMomPalin:  
(06:24 / Allies) hetchjay: goddamnnn
(06:25 / Allies) hetchjay: er
(06:26 / Allies) hetchjay: here
(06:38 / All) HockeyMomPalin: OW
(07:28 / All) UbLeK: so palin being unqualified is me being a pig?
(07:36 / All) HockeyMomPalin: dude
(07:42 / All) HockeyMomPalin: shes been govner of alaska
(07:44 / All) HockeyMomPalin: biggest state in us
(07:54 / All) UbLeK: yeah
(07:56 / All) HockeyMomPalin: all good pres come from govner
(08:00 / All) UbLeK: and she was only corrupt
(08:10 / All) UbLeK: that says nothing?
(08:21 / All) HockeyMomPalin: what
(08:22 / All) HockeyMomPalin: stfu 
(08:24 / All) HockeyMomPalin: ur dumb
(08:27 / All) UbLeK: yeah
(08:30 / All) UbLeK: that's right
(08:33 / All) UbLeK: go fuck your sister
(08:38 / All) BEAR_AND: hey y'all
(08:42 / All) BEAR_AND: im in Toronto
(08:47 / All) UbLeK: becuase you don't even know what the fuck happened in alaska
(08:53 / All) HockeyMomPalin: i live in alaska..
(08:56 / All) HockeyMomPalin: u idiots
(08:57 / All) BEAR_AND: trigs a retard or something
(08:58 / All) BEAR_AND: jesus
(08:59 / All) BEAR_AND: who cares
(09:06 / All) UbLeK: thats even more pathetic
(09:49 / Allies) hetchjay: who neds gold sorry don't know your voices?
(09:56 / Allies) HockeyMomPalin: that was me but im ok
(09:57 / Allies) HockeyMomPalin: :)|
(10:01 / Allies) hetchjay: thanks
(11:25 / Allies) hetchjay: fuck
(11:27 / All) BEAR_AND: apologies
(13:44 / All) HockeyMomPalin: gl n HF
(23:30 / All) HockeyMomPalin: u guys
(23:32 / All) HockeyMomPalin: having as much fun
(23:33 / All) HockeyMomPalin: AS I AM
(23:40 / All) UbLeK: si
(23:41 / All) shizer: u know it
(23:46 / All) HockeyMomPalin: ?:)
(24:15 / All) HockeyMomPalin: mah mana
(24:19 / All) HockeyMomPalin: if only i could use these wells
(24:21 / All) HockeyMomPalin: taht would be so cool
(25:08 / All) HockeyMomPalin: 350 GOLD
(25:15 / All) shizer: ya 
(27:44 / All) HockeyMomPalin: u shall not pass
(28:45 / All) UbLeK: lol
(28:49 / All) UbLeK: I'm sorry but this boring
(28:53 / All) BEAR_AND: LMAO
(28:54 / All) BEAR_AND: BYE
(28:59 / All) BEAR_AND: HTTP://HIGHPER.CH FOR MORE
(29:05 / All) HockeyMomPalin: im sorry but im going to give u free win now
(29:27 / All) BEAR_AND: LEAVE ORANGE
(29:32 / All) BEAR_AND: OF COURSE, noobelf staye
(29:36 / All) Shi4VoD: stfu
(29:39 / All) BEAR_AND: ?
(29:40 / All) Shi4VoD: tower more
(29:42 / All) HockeyMomPalin: lol my blade has 1500 hp
(29:42 / All) BEAR_AND: ok
(29:50 / All) HockeyMomPalin: thats like 3 of my towers
(30:32 / All) HockeyMomPalin: MINUS 385 GOLD
(30:39 / All) BEAR_AND: now leave
(30:41 / All) BEAR_AND: that you killed 0 unit
(30:43 / All) BEAR_AND: bye
(30:57 / All) Shi4VoD: kill my base douches
(30:59 / All) BEAR_AND: na
(31:02 / All) HockeyMomPalin: this more fun :)
(31:09 / All) Shi4VoD: ok im goin to bed
(31:15 / Allies) HockeyMomPalin: alright
(31:18 / All) HockeyMomPalin: k goodnight
(32:00 / All) HockeyMomPalin: roflmayo
(32:31 / All) HockeyMomPalin: now blade has 1725 hp lol
(32:38 / All) HockeyMomPalin: thanks for that free +6 str BTW
(33:53 / All) BEAR_AND: how u like?
(33:59 / All) Shi4VoD: goin to bed guys, hope u had fun towerin
(34:04 / All) BEAR_AND: always do :)
(35:50 / All) HockeyMomPalin: orange
(35:53 / All) HockeyMomPalin: its past ur bedtime
(35:56 / All) HockeyMomPalin: plz go to bed
(36:04 / All) BEAR_AND: begone
(36:07 / All) BEAR_AND: leave my presence
(36:09 / All) Shi4VoD: nah
(36:11 / All) BEAR_AND: quit child
(36:14 / All) BEAR_AND: quiet child
(36:16 / All) BEAR_AND: quaint child
(36:35 / All) BEAR_AND: i think i win because he attack my kodo
(36:53 / All) Shi4VoD: really, im goin to bed, enjoy
(36:57 / All) HockeyMomPalin: really
(36:58 / All) HockeyMomPalin:  ?? 
(36:59 / All) BEAR_AND: really
(37:04 / All) HockeyMomPalin: ok.
(37:07 / All) HockeyMomPalin: i trust u this time
(37:08 / All) BEAR_AND: really thanks for being a featured & official replay on http://highper.ch/
(37:18 / All) HockeyMomPalin: lol my base..
(37:30 / All) HockeyMomPalin: here i fight u 4v1 ok
(37:33 / All) HockeyMomPalin: OMW
(37:43 / All) Shi4VoD: well all i have to do is kill towers so go figure
(37:46 / All) Shi4VoD: noobs
(37:55 / All) HockeyMomPalin: thats kinda hard to do if u keep losing units
(38:09 / All) HockeyMomPalin: its ok i only have 15000 more gold 
(38:14 / All) HockeyMomPalin: wont take v. long..
(38:54 / All) Shi4VoD: how long has this game gone on?
(38:57 / All) BEAR_AND: like 30min
(38:58 / All) BEAR_AND: ?
(38:59 / All) HockeyMomPalin: not long enough
(39:04 / All) Shi4VoD: lets make it an hour
(39:08 / All) HockeyMomPalin: alright
(39:09 / All) BEAR_AND: u serious?
(39:14 / All) BEAR_AND: my record is 18 hours
(40:20 / All) HockeyMomPalin: ur chim
(40:22 / All) HockeyMomPalin: run away'
(40:27 / All) Shi4VoD: maybe
(40:42 / All) HockeyMomPalin: gonna get more health gem i think
(40:43 / All) BEAR_AND: yeowch
(40:50 / All) Shi4VoD: i hope u guys know ur not good
(40:55 / All) BEAR_AND: 1v1?
(40:59 / All) HockeyMomPalin: i hope u know ur alot worse
(41:12 / All) HockeyMomPalin: lol blade at 2.075 K 
(41:13 / All) Shi4VoD: hope u know towers take no skill noobs
(41:16 / All) BEAR_AND: i hope you know i am owner and administrator of http://highper.ch/ and one of the world's premiere tower innovators
(41:28 / All) BEAR_AND: you should feel honored to play me
(41:46 / All) Shi4VoD: im just gonna wait here till my friends are out of customs
(41:49 / All) HockeyMomPalin: alright
(41:53 / All) BEAR_AND: ty for free win
(41:56 / All) HockeyMomPalin: i can tell u play with dota scrubs
(41:59 / All) Shi4VoD: and how, how should i be honored to play some fag who only towers?
(42:01 / All) HockeyMomPalin: it really sshows
(42:17 / All) HockeyMomPalin: lol look @ blade tank
(42:36 / All) BEAR_AND: LMFAO
(42:55 / All) Shi4VoD: ok there done
(42:57 / All) BEAR_AND:  bye
(42:57 / All) BEAR_AND: leave
(42:59 / All) Shi4VoD: enjoy ur day faggits
(43:00 / All) BEAR_AND: you're done
(43:02 / All) BEAR_AND: forever
(43:05 / All) BEAR_AND: http://highper.ch